 Dungeon Crawl Stone Soup version 0.28-a0-863-g8cecda6153 (webtiles) character file.

Game seed: 14147753405200735405

103 funkygono the Firebug (level 4, -3/24 HPs)
             Began as a Deep Elf Fire Elementalist on Nov 15, 2021.
             Killed by divine providence
             ... invoked by an orc priest
              (15 damage)
             ... on level 3 of the Dungeon on Nov 16, 2021.
             The game lasted 00:04:10 (2178 turns).

funkygono the Firebug (Deep Elf Fire Elementalist)  Turns: 2178, Time: 00:04:11

Health: -3/24      AC:  4    Str:  5    XL:     4   Next: 51%
Magic:  9/12       EV: 12    Int: 21    God:
Gold:   113        SH:  0    Dex: 15    Spells: 1/11 levels left

rFire   . . .      SeeInvis .   j - +3 dagger (venom)
rCold   . . .      Faith    .   (no shield)
rNeg    . . .      Spirit   .   a - +0 robe
rPois   .          Reflect  .   k - +0 helmet
rElec   .          Harm     .   (no cloak)
rCorr   .          Rampage  .   h - +0 pair of gloves
Will    .....                   (no boots)
Stlth   ++........              (no amulet)
HPRegen 0.08/turn               (no ring)
MPRegen 0.13/turn               (no ring)

@: no status effects
A: no striking features
a: no special abilities


You were on level 3 of the Dungeon.
You visited 1 branch of the dungeon, and saw 3 of its levels.

You collected 113 gold pieces.

Inventory:

Hand Weapons
 j - a +3 dagger of venom (weapon)
Missiles
 b - 58 stones
Armour
 a - a +0 robe (worn)
 h - a +0 pair of gloves (worn)
 k - a +0 helmet (worn)
Scrolls
 d - a scroll of identify
 e - a scroll of magic mapping
Potions
 f - 2 potions of curing


   Skills:
 + Level 2.5 Dodging
 + Level 3.3 Stealth
 * Level 4.3 Spellcasting
 * Level 2.1 Conjurations
 * Level 4.4 Fire Magic


You had one spell level left.
You knew the following spells:

 Your Spells              Type           Power      Damage    Failure   Level
a - Foxfire               Conj/Fire      72%        2x1d7     3%          1
b - Scorch                Fire           46%        2d7       2%          2
c - Conjure Flame         Conj/Fire      18%        6-21      9%          3
d - Flame Wave            Conj/Fire      18%        3d5       30%         4

Your spell library contained the following spells:

 Spells                   Type           Power      Damage    Failure   Level
 Inner Flame              Hex/Fire       13%        N/A       14%         3


Dungeon Overview and Level Annotations

Branches:
Dungeon (3/15)

Altars:


Message History

Casting: Scorch (safe; 2% risk of failure)
Confirm with . or Enter, or press ? or * to list all spells.
Flames lash the orc.
The orc is heavily wounded.
The orc's fire resistance burns away.
You hear a shout!
An orc priest comes into view. It is wielding a +0 falchion.
The orc misses you.
The orc priest calls upon Beogh to heal the orc.
Casting: Scorch (safe; 2% risk of failure)
Confirm with . or Enter, or press ? or * to list all spells.
You conjure some foxfire!
The orc hits you but does no damage.
The orc hits your foxfire with a +0 hand axe.
The foxfire hits the orc.
You kill the orc!
Your Conjurations skill increases to level 2!
The foxfire hits something.
Something hits you but does no damage.
You see here a +0 hand axe.
You barely miss something.
The orc priest mumbles some strange prayers to Beogh against you.
Beogh smites you! Something hits you.
You hear some strange, mumbled words.
Something tries to affect you, but you resist.
The orc priest mumbles some strange prayers to Beogh against you.
Something writhes in agony!
Reactivating autopickup.
You feel a bit more experienced.
The orc priest looks encouraged for a moment.
Casting: Foxfire (safe; 3% risk of failure)
Confirm with . or Enter, or press ? or * to list all spells.
You conjure some foxfire!
The orc priest miscasts a cantrip.
The foxfire hits the orc priest.
The orc priest is moderately wounded.
The foxfire hits the orc priest.
The orc priest is severely wounded.
The orc priest calls down the wrath of Beogh upon you.
Beogh smites you!
Ouch! That really hurt!
You die...

## .. #.# .# #.# .# #.# .# #
#.# .# #. #.# .#
#.###########.# +#
.###...........#§##########.#
...............§@§§o...o)...#
.###.....###.#.##########.###
.............#.# ########.o#
#.....#..###.#.#
#.<......)###### #.....#..#
..#.# #.#######.o...†.
#.....#..#.###.# #.######
................ ....
#######..#...... #......
#..##..... #.......


You could see 2 orc priests.

Vanquished Creatures
  4 gnolls
  2 adders (D:2)
  A worm (D:2)
  2 orcs
  3 endoplasms
  A giant cockroach (D:1)
  4 goblins (D:1)
  2 hobgoblins (D:1)
  6 ball pythons
  4 bats
  3 frilled lizards
  5 kobolds
  6 rats
43 creatures vanquished.

Vanquished Creatures (others)
  An orc wizard (D:3)
  100 foxfires
101 creatures vanquished.

Grand Total: 144 creatures vanquished

Notes
Turn   | Place    | Note
-------+----------+-------------------------------------------
     0 | D:1      | funkygono the Deep Elf Fire Elementalist began the quest
                  | for the Orb.
     0 | D:1      | Reached XP level 1. HP: 10/10 MP: 6/6
   279 | D:1      | Reached XP level 2. HP: 15/15 MP: 4/8
   282 | D:1      | Learned a level 2 spell: Scorch
   355 | D:1      | Upgraded the game from 0.28-a0-861-ge64d6db94f to
                  | 0.28-a0-863-g8cecda6153
   849 | D:1      | Found a faded altar of an unknown god.
  1164 | D:2      | Reached XP level 3. HP: 19/19 MP: 3/10
  1169 | D:2      | Learned a level 3 spell: Conjure Flame
  1649 | D:2      | Reached XP level 4. HP: 24/24 MP: 3/12
  2020 | D:2      | Learned a level 4 spell: Flame Wave
  2178 | D:3      | Killed from afar by an orc priest

Illustrated notes

Levels and vault maps discovered:
D:1:      onia_arrival_mini_maze, layout_loops_ring,
          ebering_ecumenical_altar_mist
D:2:      layout_rooms, st_stairs_1, feat_on_display
D:3:      layout_basic, grunt_decor_cap, minmay_hedge_maze, uniq_robin

Skill      XL: |  1  2  3  4 |
---------------+-------------+-----
Stealth        | 3 |  3.3
Fire Magic     | 4 |  4.4
Spellcasting   | 4 |  4.3
Conjurations   | 2 |  2.1
Dodging        | |  2.5

Action                   |  1- 3 |  4- 6 || total
-------------------------+-------+-------++-------
Melee: Dagger            |     4 |     5 ||     9
 Cast: Foxfire           |    49 |    13 ||    62
       Scorch            |     6 |     8 ||    14
       Conjure Flame     |     1 |       ||     1
  Use: Scroll            |       |     5 ||     5
 Stab: Sleeping          |     2 |       ||     2
Armor: Robe              |     1 |     4 ||     5
Dodge: Dodged            |     4 |    14 ||    18

Table legend: (Time is in decaauts)
 A = Elapsed time spent in this place.
 B = Non-inter-level travel time spent in this place.
 C = Inter-level travel time spent in this place.
 D = Time resting spent in this place.
 E = Time spent auto-exploring this place.
 F = Levels seen in this place.
 G = Mean time per level.
                   A        B        C        D        E       F      G
               +--------+--------+--------+--------+--------+-----+--------+
         Total |   2177 |   2125 |     52 |     76 |   1633 |   3 |  725.7 |
       Dungeon |   2177 |   2125 |     52 |     76 |   1633 |   3 |  725.7 |
               +--------+--------+--------+--------+--------+-----+--------+

Top non-repeatable levels by time:
     D:1: 1226 daAuts
     D:2: 806 daAuts
     D:3: 144 daAuts
